 Dungeon Crawl Stone Soup version 0.30.0-10-gfe55d96785 (webtiles) character file.

Game seed: 338638633419565994

148 thromnambular the Digger (level 5, -4/31 HPs)
             Began as a Gargoyle Earth Elementalist on May 14, 2023.
             Slain by a wight
             ... wielding a +5 flail
              (10 damage)
             ... on level 3 of the Dungeon.
             The game lasted 00:07:04 (2153 turns).

thromnambular the Digger (GrEE)                     Turns: 2153, Time: 00:07:05

Health: -4/31      AC:  9    Str: 12    XL:     5   Next: 30%
Magic:  5/8        EV: 12    Int: 17    God:
Gold:   177        SH:  0    Dex: 10    Spells: 4/8 levels left

rFire   . . .        f - +0 hand axe
rCold   . . .        (no shield)
rNeg    + . .        a - +0 robe
rPois   ∞            d - +0 helmet
rElec   +            (no cloak)
rCorr   .            (no gloves)
SInv    .            (no boots)
Will    .....        (no amulet)
Stlth   ++           (no ring)
HPRegen 0.25/turn    (no ring)
MPRegen 0.11/turn

%: no passive effects
@: no status effects
A: sickness immunity, AC +4, negative energy resistance 1, electricity
resistance, torment resistance 1, petrification resistance, claws 1, iridescent
scales 1, passive freeze
a: no special abilities


You were on level 3 of the Dungeon.
You visited 1 branch of the dungeon, and saw 3 of its levels.

You collected 177 gold pieces.

Inventory:

Hand Weapons
 f - a +0 hand axe (weapon)
Armour
 a - a +0 robe (worn)
 d - a +0 helmet (worn)
 h - a +0 buckler
Scrolls
 e - a scroll of fog {unknown}
 g - a scroll of amnesia {unknown}
 j - a scroll of vulnerability {unknown}
 k - 2 scrolls of teleportation {unknown}
 n - a scroll of fear {unknown}
Potions
 c - 3 potions of flight
 i - a potion of invisibility {unknown}
 l - 2 potions of might
 m - a potion of resistance {unknown}


   Skills:
 + Level 2.6 Fighting
 - Level 2.4 Dodging
 - Level 2.1 Stealth
 + Level 0.7 Shields
 - Level 2.0 Spellcasting
 + Level 2.0 Conjurations
 - Level 0.7 Transmutations
 - Level 4.6 Earth Magic


You had 4 spell levels left.
You knew the following spells:

 Your Spells              Type           Power      Damage    Failure   Level
a - Sandblast             Erth           34%        2d9       2%          1
b - Stone Arrow           Conj/Erth      26%        3d8       14%         3

Your spell library contained the following spells:

 Spells                   Type           Power      Damage    Failure   Level
 Passwall                 Tmut/Erth      8%         N/A       10%         2
 Call Canine Familiar     Summ           1%         N/A       50%         3
 Portal Projectile        Hex/Tloc       2%         N/A       50%         3
 Vhi's Electric Charge    Tloc/Air       2%         N/A       50%         3
 Petrify                  Tmut/Erth      10%        N/A       54%         4
 Leda's Liquefaction      Hex/Erth       4%         N/A       58%         4
 Arcjolt                  Conj/Air       2%         1d12      98%         5
 Plasma Beam              Fire/Air       0%         2x1d11    100%        6


Dungeon Overview and Level Annotations

Branches:
Dungeon (3/15)

Altars:
Vehumet

Shops:
D:3 [


Innate Abilities, Weirdness & Mutations

You are immune to sickness and miasma.
Your stone body is resilient. (AC +4)
You are immune to poison.
You resist negative energy. (rN+)
You are resistant to electric shocks. (rElec)
You are resistant to unholy torment.
You are immune to petrification.
You have sharp fingernails.
You are partially covered in iridescent scales. (AC +2)
A frigid envelope surrounds you and freezes all who hurt you.


Message History

Aim: a wight, wielding a +5 flail and wearing a +0 robe (lightly damaged, 82% to hit)
The blast of sand hits the wight.
The wight is moderately damaged.
The wight hits you but does no damage.
The wight resists.
The wight is very cold.
The wight is moderately damaged.
The wight hits you with a +5 flail!
The wight completely resists.
Casting: Sandblast (safe; 2% risk of failure)
Confirm with . or Enter, or press ? or * to list all spells.
The spell is quite dangerous to miscast (14% risk of failure)!
Continue anyway?
Aiming: Stone Arrow (quite dangerous; 14% risk of failure)
Press: ? - help, Shift-Dir - straight line, f/p - wight
Aim: a wight, wielding a +5 flail and wearing a +0 robe (moderately damaged, 68% to hit)
The stone arrow hits the wight but does no damage.
The wight is moderately damaged.
The wight closely misses you.
Casting: Stone Arrow (quite dangerous; 14% risk of failure)
Confirm with . or Enter, or press ? or * to list all spells.
The spell is quite dangerous to miscast (14% risk of failure)!
Continue anyway?
Aiming: Stone Arrow (quite dangerous; 14% risk of failure)
Press: ? - help, Shift-Dir - straight line, f/p - wight
Aim: a wight, wielding a +5 flail and wearing a +0 robe (moderately damaged, 68% to hit)
The stone arrow misses the wight.
The wight hits you with a +5 flail!
The wight resists.
The wight is very cold.
The wight is heavily damaged.
Okay, then.
Magic courses through your body. The wight hits you with a +5 flail.
* * * LOW HITPOINT WARNING * * *
The wight resists.
The wight is very cold.
The wight is heavily damaged.
Casting: Stone Arrow (quite dangerous; 14% risk of failure)
Confirm with . or Enter, or press ? or * to list all spells.
The spell is quite dangerous to miscast (14% risk of failure)!
Continue anyway?
Aiming: Stone Arrow (quite dangerous; 14% risk of failure)
Press: ? - help, Shift-Dir - straight line, f/p - wight
Aim: a wight, wielding a +5 flail and wearing a +0 robe (heavily damaged, 68% to hit)
The stone arrow hits the wight!
The wight is almost destroyed.
The wight hits you with a +5 flail!
You die...

####.....##....)
###......#....####
##...####.####.#
##..###....####.#
#..##...#..#.##.#
##.##....#.##....#
#..#....##.##.##.#
#.##z..# ..#.....#
##.#.@.# . ##..#.#
#..#†###..# ##†#>####
#..#.....# #......#
#.....####.......###..
#.##### .......# #..
...# .##.#.. #.. ###.#
#.#....... ##. #
#....... . #...###.


You could see a wight.

Vanquished Creatures
  Jessica (D:2)
  3 gnolls (D:2)
  4 adders
  A worm (D:2)
  2 dart slugs (D:1)
  6 ball pythons
  3 bats
  4 endoplasms
  3 giant cockroaches (D:2)
  5 goblins
  A hobgoblin (D:1)
  4 jackals (D:3)
  2 quokkas
  4 frilled lizards
  4 kobolds
  7 rats
54 creatures vanquished.

Notes
Turn   | Place    | Note
-------+----------+-------------------------------------------
     0 | D:1      | thromnambular the Gargoyle Earth Elementalist began the
                  | quest for the Orb.
     0 | D:1      | Reached XP level 1. HP: 10/10 MP: 3/3
   162 | D:1      | Reached skill level 4 in Earth Magic
   204 | D:1      | Reached XP level 2. HP: 16/16 MP: 3/5
   372 | D:1      | Reached skill level 1 in Fighting
   678 | D:2      | Reached XP level 3. HP: 20/20 MP: 4/6
   918 | D:2      | Learned a level 3 spell: Stone Arrow
   984 | D:2      | Noticed Jessica
   988 | D:2      | Killed Jessica
   989 | D:2      | Reached skill level 1 in Conjurations
   989 | D:2      | Reached XP level 4. HP: 26/26 MP: 3/7
  1348 | D:2      | Gained mutation: You have sharp fingernails. [potion of
                  | mutation]
  1348 | D:2      | Gained mutation: A frigid envelope surrounds you and
                  | freezes all who hurt you. [potion of mutation]
  1348 | D:2      | Gained mutation: You are partially covered in iridescent
                  | scales. (AC +2) [potion of mutation]
  1596 | D:2      | Reached XP level 5. HP: 31/31 MP: 8/8
  2014 | D:3      | Found Oheiniostra's Armour Shop.
  2041 | D:3      | Found a radiant altar of Vehumet.
  2153 | D:3      | Slain by a wight

Illustrated notes

Levels and vault maps discovered:
D:1:      saegor_arrival_simple_a, layout_rooms
D:2:      layout_basic, grunt_ministairs_10, uniq_jessica
D:3:      minmay_evil_eye, layout_loops_cross, fiery_altar_vehumet,
          serial_shops, nicolae_shop_pleasant_corner_grove, serial_rivers,
          chequers_serial_rivers_small_b, chequers_serial_rivers_micro_d,
          chequers_serial_rivers_micro_c, chequers_serial_rivers_small_b,
          minmay_misc_feat_four_crosses, glass_columns_a

Skill      XL: |  1  2  3  4  5 |
---------------+----------------+-----
Earth Magic    | 4 |  4.6
Fighting       | 1 2 |  2.6
Dodging        | 2 |  2.4
Conjurations   | 1 2 |  2.0
Stealth        | |  2.1
Shields        | |  0.7
Spellcasting   | |  2.0
Transmutations | |  0.7

Action                     |  1- 3 |  4- 6 || total
---------------------------+-------+-------++-------
  Melee: Hand axe          |    14 |    22 ||    36
   Cast: Sandblast         |    43 |    12 ||    55
         Stone Arrow       |       |     7 ||     7
    Use: Scroll            |       |     3 ||     3
         Potion            |       |     2 ||     2
   Stab: Sleeping          |       |     2 ||     2
 Armour: Robe              |     5 |    13 ||    18
  Dodge: Dodged            |    21 |    28 ||    49
